[Event "American Cup Blitz 2024"]
[Site "Saint Louis"]
[Date "2024.03.21"]
[Round "5.5"]
[White "Le, Quang Liem"]
[Black "Gledura, Benjamin"]
[Result "1/2-1/2"]
[ECO "A17"]
[WhiteElo "2731"]
[BlackElo "2616"]
[Annotator "TA"]
[PlyCount "136"]
[EventDate "2024.03.21"]
[EventType "swiss"]
[EventCountry "USA"]
[SourceTitle "playchess.com"]
[Source "ChessBase"]
[SourceQuality "1"]
[TimeControl "180+2"]

1. Nf3 Nf6 2. c4 e6 3. Nc3 d5 4. e3 Bd6 5. b3 O-O 6. Bb2 {[%emt 0:00:01] A17: Englische Eröffnung.} Nc6 7. d4 dxc4 8. Bxc4 e5 9. h3 $146 ({Predecessor:} 9. dxe5 Nxe5 10. Be2 Nxf3+ 11. Bxf3 Qe7 12. O-O c6 13. Ne2 Be5 14. Bxe5 Qxe5 15. Qd4 {½-½ Nihal,S (2688)-Sjugirov,S (2703) Sharjah Alef Blitz 2023 (6)}) 9... Qe7 10. d5 Nb8 11. e4 a6 12. O-O Nbd7 13. Re1 Nh5 14. Bf1 g6 15. g3 Ng7 16. Rc1 b5 17. a4 b4 18. Nb1 a5 19. Nbd2 Nb6 20. Nc4 Nxc4 21. Rxc4 Ba6 22. Rc2 Bxf1 23. Kxf1 Rae8 24. Kg2 Qd7 25. Qd3 Nh5 26. Bc1 f5 27. Ng5 Ng7 28. Rce2 fxe4 29. Rxe4 Qf5 30. R1e2 h6 31. Nf3 g5 32. Nd2 Nh5 33. Nc4 Nf6 34. R4e3 e4 35. Qd4 Qxd5 36. Qxd5+ Nxd5 37. Rxe4 Rxe4 38. Rxe4 Bc5 39. Ne3 (39. Nxa5 $2 Rxf2+ (39... Bxf2 40. Nc4 $14) 40. Kh1 Rf1+ 41. Kg2 Rg1+ (41... Rxc1 $2 42. Nb7 $19) 42. Kf3 Rxc1 $19) (39. f3 $16) 39... Nxe3+ $11 40. Bxe3 Bxe3 41. Rxe3 Rf5 (41... c5 $11) 42. Kf1 (42. Re6 $16) 42... Rc5 43. Ke2 Kf7 44. Kd3 Kf6 45. Kd4 Rc2 46. Rf3+ Ke6 47. Rf8 c5+ 48. Ke4 Rc3 49. Ra8 Rxb3 50. Rxa5 c4 51. Ra6+ Kd7 52. Rxh6 $2 (52. Kd5 $11 c3 53. Ra7+ Kd8 54. Kd6) 52... c3 $19 53. Kd3 Rb2 54. Rb6 Rd2+ (54... Rxf2 55. Rxb4 Rf3+ 56. Kc2 Rxg3 57. Rd4+ Kc6 58. Rd3 Rg2+ 59. Kxc3 $14) 55. Ke3 Rb2 56. Kd3 $1 Kc7 $2 (56... Rxf2 57. Rxb4 Rf3+ 58. Kc2 Rxg3 59. Rd4+ Kc7 60. Rd3 $11) (56... c2 $19 {bietet bessere Gewinnchancen.} 57. Rb7+ Kc8 58. Rxb4 c1=Q (58... c1=R $2 59. Rxb2 Rh1 60. Rc2+ Kb8 61. Rc5 $18) 59. Rc4+ Qxc4+ 60. Kxc4 Rxf2) 57. a5 $2 (57. Rb5 $17) 57... Rd2+ (57... Rxf2 58. Rxb4 Rf3+ 59. Ke4 Rxg3 60. a6 $11) (57... c2 $142 58. Kd2 b3) 58. Ke3 $19 Rb2 (58... g4 $142 59. hxg4 (59. Rxb4 $2 {ist das falsche Schlagen.} gxh3 60. Rc4+ Kd7 $19) 59... Rb2) 59. Kd3 $19 Rb1 $2 ({Und nicht} 59... Rxf2 60. Rxb4 Rf3+ 61. Kd4 Rxg3 62. Rc4+ Kb8 63. Rxc3 $11) (59... c2 $19 60. Kd2 b3) 60. h4 $2 (60. Kc2 $1 $11 {und Weiss ist OK.} Rb2+ 61. Kc1 (61. Kd3 $2 c2 $19)) 60... gxh4 $19 61. gxh4 {[%emt 0:00:00] [#]} Rd1+ $2 ({Günstiger ist} 61... Rb2 $1 $19 {[%cal Oc3c2] Und ...c2! würde nun gewinnen.} 62. Rb5 Kd6 63. Rb6+ Kc5) 62. Kc2 $11 Rd2+ 63. Kc1 Rb2 64. h5 (64. f4 $5) 64... b3 65. h6 Rc2+ 66. Kb1 Rb2+ 67. Kc1 Rc2+ 68. Kb1 Rb2+ 1/2-1/2

[Event "American Cup Blitz 2024"]
[Site "Saint Louis"]
[Date "2024.03.21"]
[Round "5.6"]
[White "Kevlishvili, Robby"]
[Black "Sevian, Samuel"]
[Result "0-1"]
[ECO "C07"]
[WhiteElo "2524"]
[BlackElo "2697"]
[Annotator "TA"]
[PlyCount "56"]
[EventDate "2024.03.21"]
[EventType "swiss"]
[EventCountry "USA"]
[SourceTitle "playchess.com"]
[Source "ChessBase"]
[SourceQuality "1"]
[TimeControl "180+2"]

1. e4 e6 2. d4 d5 3. Nd2 c5 4. Ngf3 cxd4 5. Nxd4 Nf6 6. exd5 Nxd5 7. g3 Be7 8. N2f3 b6 9. Bb5+ {[%emt 0:00:22] The position is equal.} Bd7 10. Bd3 Nc6 11. Nxc6 Bxc6 12. Ne5 Bb7 {[%emt 0:00:08] Hoping for ...Qc7.} 13. Bb5+ Kf8 {[%emt 0:00:01] ...Qc7 would now be deadly.} 14. Qh5 g6 15. Qf3 f6 (15... Bf6 $1 $11 16. Nd7+ Kg8) 16. Bh6+ $18 Kg8 17. Nc6 (17. Bd7 $1 $18 Bc8 18. Bc6) 17... Qd6 18. Nxe7+ Qxe7 19. O-O (19. O-O-O $14) 19... Rc8 $11 20. c4 Nb4 21. Qe2 Kf7 22. Rfe1 Rhd8 {[%emt 0:00:09] Threatens to win with ...a6.} 23. h4 $2 (23. Rad1 $11) 23... Nd3 $19 {[%emt 0:00:05][%cal Od3e5] Active counter play!} 24. Rf1 (24. Red1 $142 Ne5 25. Qe3) 24... Ne5 {[%emt 0:00:19] aiming for ...Nf3+.} 25. f4 $2 (25. f3 Qb4 (25... a6 $2 26. Ba4 $19) 26. Bf4) 25... Qc5+ 26. Kh2 {[%emt 0:00:01] [#]} Bf3 $1 27. Rxf3 {[%emt 0:00:03] [#]} (27. Qe1 Ng4+) 27... Rd2 $3 28. Re3 (28. Rf2 Ng4+) 28... Qxe3 {[%emt 0:00:03] Quite a comeback for Black.   Weighted Error Value: White=1.25/Black=0.50.  Loses game:     	---       	Black=2      Missed win:     	White=1     	---        Mistake:       	White=4     	---        Inaccurate:     	White=2     	---        OK:         	White=7     	Black=8      Best:        	White=1     	Black=4} 0-1

[Event "American Cup Blitz 2024"]
[Site "Saint Louis"]
[Date "2024.03.21"]
[Round "5.7"]
[White "Oparin, Grigoriy"]
[Black "Quesada Perez, Yuniesky"]
[Result "1-0"]
[ECO "D00"]
[WhiteElo "2671"]
[BlackElo "2591"]
[Annotator "TA"]
[PlyCount "97"]
[EventDate "2024.03.21"]
[EventType "swiss"]
[EventCountry "USA"]
[SourceTitle "playchess.com"]
[Source "ChessBase"]
[SourceQuality "1"]
[TimeControl "180+2"]

1. d4 Nf6 2. Nc3 d5 3. Bf4 a6 4. e3 c5 5. dxc5 Nc6 ({Better is} 5... Qa5 $11) 6. Nf3 e6 7. Na4 Ne4 (7... Bxc5 $11 8. Nxc5 Qa5+ 9. c3 Qxc5) 8. Nb6 $14 {[%emt 0:00:26] White is slightly better.} Ra7 9. Nxc8 Qxc8 10. c4 dxc4 11. Bxc4 Bxc5 12. O-O O-O 13. Qc2 (13. Rc1 {with more complications.} Rd8 14. Bd3 Be7 15. Ne5) 13... Nf6 14. a3 $36 {[%emt 0:00:06][%cal Oc4e6][%mdl 2048] Black is under pressure.} Be7 15. Rac1 Rd8 16. Bd3 Ra8 17. Rfd1 h6 18. h3 Nd5 19. Bg3 Nf6 ({Black should try} 19... Bd6 $14) 20. Qe2 Kf8 21. Ne5 Bd6 (21... a5 $142 22. Rc3 Bd6) 22. Nxc6 $16 bxc6 23. Bh4 {[%emt 0:00:05] A strong pair of Bishops.} (23. Bxa6 $1 $16 Qxa6 24. Qxa6 (24. Bxd6+ $2 Rxd6 25. Qc2 Rd5 $19) 24... Rxa6 25. Rxd6 (25. Bxd6+ Ke8 $18)) 23... Qb7 (23... g5 $14) 24. Bxf6 gxf6 25. Be4 Rac8 26. b4 f5 (26... Ke7 $142) 27. Bf3 Qb6 28. Qb2 Kg8 {[%emt 0:00:01] Against Rxd6} 29. Qf6 {[%emt 0:00:01][%cal Og2g4] Repels Be7} Bf8 {[%emt 0:00:01] [#]} 30. Rxd8 $1 Qxd8 31. Qxd8 Rxd8 32. Rxc6 {[%emt 0:00:03][%mdl 4096] Endgame. KRB-KRB} (32. Bxc6 Rd3 $16) 32... Rd6 33. Rc7 Rd3 34. Bh5 Kh8 (34... Rxa3 $16 35. Bxf7+ (35. Rxf7 Ra1+ 36. Kh2 Bd6+ 37. g3 Bxb4 $11) 35... Kh8) 35. g3 ({White should play} 35. Rxf7 $18 Bd6 36. Rf6 Rxa3 37. g4 (37. Rxh6+ Kg7 $18)) 35... Rxa3 36. Bxf7 e5 37. Bg6 (37. Rc4 $16) 37... f4 $1 $14 38. gxf4 exf4 39. exf4 Bxb4 40. f5 Bc3 {[%emt 0:00:03] Prevents f6.} 41. Rf7 {[%emt 0:00:05] White has more active pieces.} Kg8 42. f6 (42. Kg2 $14) 42... Be5 (42... Bd4 $11 43. Rg7+ Kf8) 43. Kg2 Ra4 (43... Rc3 $14) 44. Rg7+ $16 Kf8 $2 {[%emt 0:00:01][%mdl 8192] Black cannot hold the game after this.} (44... Kh8 $16) 45. Re7 {[%emt 0:00:01][%csl Gg6][%cal Re7e8] [#] White is clearly winning.} Bxf6 46. Rf7+ Kg8 47. Rxf6 Kg7 48. Rb6 a5 49. Ra6 {[%emt 0:00:01] Weighted Error Value: White=0.20 (precise) /Black=0.25 (precise) .  Loses game:     	---       	Black=1      Mistake:       	White=4     	Black=8      Inaccurate:     	White=5     	Black=3      OK:         	White=12    	Black=9      Best:        	White=3     	Black=3      Strong:       	White=1     	Black=1} 1-0

[Event "American Cup Blitz 2024"]
[Site "Saint Louis"]
[Date "2024.03.21"]
[Round "5.8"]
[White "Robson, Ray"]
[Black "Hong, Andrew"]
[Result "1-0"]
[ECO "A41"]
[WhiteElo "2696"]
[BlackElo "2542"]
[Annotator "TA"]
[PlyCount "155"]
[EventDate "2024.03.21"]
[EventType "swiss"]
[EventCountry "USA"]
[SourceTitle "playchess.com"]
[Source "ChessBase"]
[SourceQuality "1"]
[TimeControl "180+2"]

1. d4 d6 2. Nf3 g6 3. c4 Bg7 4. Nc3 Nc6 5. d5 Nb8 6. e4 {[%emt 0:00:10] A41: 1 d4 d6: Tartakower System and Modern Defence.} Bg4 7. Qa4+ $146 ({Predecessor:} 7. Qb3 Qc8 8. Be2 Nd7 9. O-O Nc5 10. Qc2 Nf6 11. Be3 a5 12. Bxc5 dxc5 13. e5 {1-0 Kozul,Z (2597)-Efimov,I (2416) Mediterranean-ch 11th 2021 (9)}) 7... Bd7 8. Qb3 Na6 9. Be3 c5 10. Be2 Nf6 11. O-O O-O 12. h3 e6 13. e5 dxe5 14. Nxe5 exd5 15. cxd5 Qc7 16. Nxd7 Nxd7 17. d6 Qb6 18. Nb5 Nb4 19. Rfd1 Nc6 20. Nc7 Rad8 21. Bf3 Nd4 22. Bxd4 Bxd4 23. Qxb6 Nxb6 24. Bxb7 Bxb2 25. Rab1 Be5 26. Nb5 Rd7 27. Bc6 Rdd8 28. d7 Na4 29. Rbc1 Bb2 30. Rc4 Nb6 31. Rxc5 Kg7 32. Nxa7 Rb8 33. Nc8 Bf6 34. Rb5 $2 (34. Nd6 $18 {has better winning chances.}) 34... Rbxc8 $4 (34... Nxd7 $16 35. Nd6 (35. Bxd7 Rxb5 36. Bxb5 Rxc8 $16) (35. Rxd7 Rbxc8 36. Bd5 Rc1+ 37. Kh2 Rf1 $11) 35... Ne5) 35. dxc8=Q ({Much less strong is} 35. dxc8=N Nxc8 36. Rb8 Bc3) 35... Nxc8 36. Rb7 Be5 37. Bd5 Nd6 38. Rd7 Rb8 39. Bb3 Rb6 40. Rd5 Kf6 41. g3 g5 42. Kg2 h5 43. Rd3 Kg6 44. Re3 Bd4 45. Rd3 Be5 46. Kf3 f6 47. Rd5 Nf5 (47... Rc6 $142 48. Kg2 Kf5) 48. Bc2 $18 Rb2 49. Be4 g4+ 50. hxg4 hxg4+ 51. Kxg4 Rb4 52. Kf3 Kg5 53. Bxf5 Kxf5 54. Rd2 Ra4 55. R7d3 Kg6 56. Rb3 f5 57. Re2 Ra5 58. Rc2 Kg5 59. Ke2 Bd4 60. Kd3 Ba7 61. a3 Kg4 62. Ke2 Re5+ 63. Kf1 Kh5 64. a4 Re4 65. Ra2 Rc4 66. a5 f4 67. gxf4 Rxf4 68. Rb7 Bd4 69. a6 Rf8 70. a7 Ra8 71. Ra6 Kg5 72. Ke2 Kf5 73. f3 Ke5 74. Rb5+ Kf4 75. Ra4 Re8+ 76. Kd3 Re3+ 77. Kxd4 Re4+ 78. fxe4 1-0

[Event "American Cup Blitz 2024"]
[Site "Saint Louis"]
[Date "2024.03.21"]
[Round "5.9"]
[White "Swiercz, Dariusz"]
[Black "Naroditsky, Daniel"]
[Result "0-1"]
[ECO "C48"]
[WhiteElo "2612"]
[BlackElo "2619"]
[Annotator "TA"]
[PlyCount "100"]
[EventDate "2024.03.21"]
[EventType "swiss"]
[EventCountry "USA"]
[SourceTitle "playchess.com"]
[Source "ChessBase"]
[SourceQuality "1"]
[TimeControl "180+2"]

1. e4 Nf6 2. Nc3 e5 3. Nf3 Nc6 4. Bb5 Nd4 5. O-O Nxb5 6. Nxb5 c6 7. Nc3 d6 8. d4 Qc7 9. h3 h6 10. a4 a5 11. Be3 {[%emt 0:00:05][%cal Bc1e3,Be3d4,Bd4e5][%mdl 32] The position is equal.} Be7 12. Qd3 O-O 13. Rfd1 Re8 14. Nd2 exd4 15. Bxd4 Be6 16. Nc4 d5 17. exd5 Nxd5 18. Nxd5 (18. Be5 $5 Qd8 $8 19. Qf3 $14) 18... Bxd5 19. Be5 Qd8 20. Qg3 Bf8 21. Ne3 (21. Bc3 $5) 21... Qg5 22. Qxg5 hxg5 23. Bd4 Be4 24. Bc3 Bc5 25. Bd4 Bb4 26. c3 Bf8 {[%emt 0:00:02] [#] ...c5 is the strong threat.} 27. c4 Bg6 28. Bc3 Bc5 29. Bd4 Bb4 30. Bc3 Bc5 31. Bd4 Bf8 32. Bc3 b6 33. Rd7 Rab8 34. Rad1 b5 (34... f6 $142) 35. axb5 cxb5 36. cxb5 Rxb5 37. R7d5 Rxd5 38. Rxd5 a4 39. Rxg5 Rc8 40. Bd4 Rc1+ 41. Kh2 Bd6+ 42. g3 Be4 43. Ng2 $1 (43. Rxg7+ Kf8 44. Ng2 Rc4 $17) 43... g6 44. Ra5 Rc4 45. Be3 Kg7 46. Ra6 Be5 47. Rb6 Rc2 48. Rb4 ({White should try} 48. Ra6 $11) 48... Bc6 $1 $15 {[%emt 0:00:01] This pair of bishops is nice.} (48... Rxb2 $2 {loses.} 49. Rxe4 Bf6 50. Rxa4 $18) 49. Bd4 {[%emt 0:00:02][%mdl 8192] [#]} ({Much worse is} 49. Ne1 Rxb2 50. Rc4 Bb5 $17) (49. Rb6 $15) 49... Bxd4 50. Rxd4 Rxf2 {[%emt 0:00:01] Weighted Error Value: White=0.21 (precise) /Black=0.07 (flawless) .  Loses game:     	White=1     	---        Mistake:       	White=1     	Black=1      Inaccurate:     	White=5     	Black=3      OK:         	White=15    	Black=14     Best:        	White=2     	Black=2      Strong:       	White=1     	Black=1} 0-1

[Event "American Cup Blitz 2024"]
[Site "Saint Louis"]
[Date "2024.03.21"]
[Round "5.10"]
[White "Caglar, Sila"]
[Black "Rosen, Eric"]
[Result "0-1"]
[ECO "C42"]
[WhiteElo "2120"]
[BlackElo "2361"]
[Annotator "TA"]
[PlyCount "76"]
[EventDate "2024.03.21"]
[EventType "swiss"]
[EventCountry "USA"]
[SourceTitle "playchess.com"]
[Source "ChessBase"]
[SourceQuality "1"]
[TimeControl "180+2"]

1. e4 e5 2. Nf3 Nf6 3. Nxe5 Nc6 4. Nxc6 dxc6 5. d3 Bc5 6. Be2 {[%emt 0:00:04] Verhindert Ng4.} h5 (6... Ng4 $16 {war angesagt.} 7. Bxg4 Qh4) 7. c3 $18 Ng4 8. d4 {[%emt 0:00:31] Weiß steht deutlich besser.} Qh4 9. g3 $1 (9. dxc5 Qxf2+ 10. Kd2 Qxg2 $17) 9... Qf6 10. f3 (10. dxc5 $2 Qxf2+ (10... Nxf2 $2 11. Rf1 $18) 11. Kd2 Bf5 $19) 10... h4 11. Bf4 (11. dxc5 hxg3 12. Qd4 (12. fxg4 $2 Qf2+ 13. Kd2 Bxg4 $19) 12... Qh4 $17) ({Besser ist} 11. Rg1 $18) 11... g5 $2 (11... hxg3 $16 {ist eine bessere Verteidigung.} 12. Bxg3 Bd6 (12... Ne3 $2 13. Qd2 $18)) 12. Bxc7 (12. fxg4 gxf4 13. gxf4 (13. dxc5 hxg3 14. Bf3 Rxh2 $11) 13... Be7 $18) 12... Ne3 13. Qd3 (13. Qd2 $142 Ng2+ 14. Kf2 hxg3+ 15. Kxg2) 13... Ng2+ 14. Kf2 hxg3+ 15. Bxg3 (15. Kxg2 Bd6 16. Bxd6 Qxd6 $18) 15... Nf4 16. Bxf4 (16. Qe3 $16 Nh3+ 17. Kf1) 16... gxf4 {[%emt 0:00:01] [#]} (16... Qxf4 $14 17. Nd2 (17. dxc5 Rxh2+ 18. Rxh2 Qxh2+ 19. Ke1 Be6 $15) 17... Bb6) 17. Ke1 $1 $16 (17. dxc5 $2 Qh4+ 18. Kg1 Rg8+ 19. Kf1 Bh3#) 17... Be6 18. b4 (18. dxc5 $2 Rd8 19. Kd1 (19. Qc2 $2 Qh4+ 20. Kf1 Bh3+ 21. Kg1 Rg8#) 19... Rxd3+ 20. Bxd3 Qe5 $19) ({Günstiger ist} 18. Kd1 $16) 18... Bb6 19. Na3 O-O-O 20. Rd1 Rh3 (20... Bxa2 $11 21. Nc4 Bb3) 21. Bf1 (21. Rd2 $16) 21... Qh4+ $15 22. Kd2 Rxh2+ (22... Qf2+ $15 23. Qe2 Rxf3 (23... Qxf3 24. Bxh3 Qxh3 25. Kc2 $14) (23... Bxd4 $2 24. cxd4 Rxd4+ 25. Kc1 $16) 24. Qxf2 Rxf2+ 25. Kc1 Rxa2) 23. Rxh2 $14 Qxh2+ 24. Qe2 Qg1 (24... Qg3 $11 {hält das Gleichgewicht.}) 25. Kc2 $16 Rh8 $2 {[%emt 0:00:01][%mdl 8192] [#] Es drohte Bh3} (25... Qg3 $16 {ist zäher.}) 26. Nb1 $4 (26. Bg2 $1 $18 Qe3 27. Qf1 (27. Qxe3 fxe3 28. Kd3 Rh2 $16) 27... Bxd4 (27... Bxa2 $2 {verliert.} 28. Rd3 $18) 28. Rxd4) 26... Rh2 $1 $19 (26... Bxa2 $2 {geht unter.} 27. Bh3+ Rxh3 28. Rxg1 $18) 27. Nd2 (27. Bg2 $142 Rxg2 (27... Qxg2 $2 28. Qxg2 Rxg2+ 29. Nd2 $19) 28. Rxg1 Rxe2+ 29. Nd2 Bxa2 30. Rh1) 27... Rxe2 28. Bxe2 Qh2 29. Bd3 Bd8 30. c4 Be7 31. a3 f6 32. d5 Bd7 {[%emt 0:00:01] Und ...cxd5 würde nun gewinnen.} 33. c5 cxd5 34. exd5 Ba4+ 35. Kc3 Qh5 36. Re1 {[%emt 0:00:02] Gegen Qe5+ gerichtet.} Bf8 {[%emt 0:00:02][%cal Of6f5] ...f5! wäre nun fies.} 37. Ne4 Qe5+ 38. Kd2 Qb2+ {[%emt 0:00:02] Gewichteter Fehlerwert: Weiß=0.71/Schwarz=0.49.  Verlustzug:     	---       	Schwarz=2     Gewinn verpasst:   	Weiß=1     	---        Fehler:       	Weiß=6     	Schwarz=5     Ungenau:       	Weiß=2     	Schwarz=3     OK:         	Weiß=4     	Schwarz=5     Bester:       	Weiß=2     	Schwarz=3     Stark:        	Weiß=2     	Schwarz=1} 0-1

[Event "American Cup Blitz 2024"]
[Site "Saint Louis"]
[Date "2024.03.21"]
[Round "6.1"]
[White "Durarbayli, Vasif"]
[Black "Oparin, Grigoriy"]
[Result "0-1"]
[ECO "B67"]
[WhiteElo "2627"]
[BlackElo "2671"]
[Annotator "TA"]
[PlyCount "88"]
[EventDate "2024.03.21"]
[EventType "swiss"]
[EventCountry "USA"]
[SourceTitle "playchess.com"]
[Source "ChessBase"]
[SourceQuality "1"]
[TimeControl "180+2"]

1. e4 c5 2. Nf3 d6 3. d4 cxd4 4. Nxd4 Nf6 5. Nc3 Nc6 6. Bg5 e6 7. Qd2 a6 8. O-O-O Bd7 9. Kb1 Nxd4 {[%emt 0:00:04] The modern move. B67: Sicilian: Richter-Rauzer: 7...a6 8 0-0-0 Bd7, lines without 9 f4 Be7.} 10. Qxd4 Be7 11. f4 Bc6 12. Be2 (12. f5 {is more complex.} Qa5 13. Bc4 O-O 14. Bd2) 12... h6 13. Bh4 O-O 14. Bf3 Nxe4 15. Bxe4 {[%emt 0:00:10] Strongly threatening Bxe7.} Bxh4 16. Bxc6 bxc6 17. Qxd6 Qa5 18. g3 $146 ({Predecessor:} 18. Ne4 Rab8 19. g3 Qb5 20. b3 Rfd8 21. Qc5 Rxd1+ {½-½ Niehaus,F (2132)-Matthes,A (2209) Berlin Werner Ott op 2023 (7)}) 18... Rfd8 19. Qxc6 Bf6 {[%emt 0:00:05] aiming for ...Rdc8.} 20. Ne4 (20. Rxd8+ $11 Rxd8 21. a3) 20... Be7 (20... Bxb2 $1 $15 {keeps the upper hand.} 21. Kxb2 (21. Rxd8+ Rxd8 22. Kxb2 Qb4+ 23. Ka1 Rb8 $15) 21... Qb4+ 22. Ka1 Rxd1+ 23. Rxd1 Rb8) 21. Rxd8+ $16 Rxd8 22. Nc3 (22. Qb7 $16 Bf8 23. h4) 22... Bf6 $14 23. Ne4 (23. a3 $142) 23... Be7 (23... Bxb2 $11 {keeps the balance.} 24. Kxb2 Qb4+ 25. Ka1 Rb8) 24. Nc3 (24. Qb7 $16 Bf8 25. h4) 24... Rb8 25. b3 Rd8 26. Rd1 Rxd1+ $1 27. Nxd1 Qd2 {[%emt 0:00:05][%csl LRd1,LRh2] ( -> ...Ba3)} 28. Qa8+ Bf8 29. Qf3 (29. Qh1 $11) 29... Qxh2 (29... Ba3 $15 30. Nb2 Qxh2 31. Qa8+ Bf8) 30. Kb2 (30. Nc3 $11) 30... g5 31. fxg5 hxg5 32. Ne3 $2 {[%emt 0:00:01] [#]} (32. Nf2 $15) 32... Bg7+ $2 (32... Qd2 $1 $19 33. g4 Bg7+ 34. Kb1 Bd4) 33. Ka3 $2 ({Only move:} 33. Kc1 $1 $15) 33... Qd2 $19 34. Qa8+ $2 (34. Nc4 Qxc2 35. Kb4 Qxa2 36. Nd6 Qd2+ 37. Kc5 Qd4+ 38. Kc6) 34... Kh7 $2 (34... Bf8+ 35. Kb2 Qxe3) 35. Qh1+ $19 {[%emt 0:00:03] [#]} ({But not} 35. Qe4+ $2 f5 36. Qh1+ Kg8 $19) 35... Kg8 $2 ({Black should play} 35... Bh6 $1 $19 36. Qe4+ f5 37. Qb7+ (37. Qxe6 {leads to mate.} Bf8+) 37... Kg8) 36. Qe4 $2 (36. Qa8+ $11 Bf8+ 37. Kb2 Qxe3 38. g4) 36... Qa5+ $19 37. Qa4 Qc5+ 38. Qb4 Qxe3 39. Qb8+ Bf8+ 40. Kb2 Qd4+ 41. Kb1 e5 42. Qa8 e4 43. Qxa6 e3 44. Qe2 Bg7 0-1

[Event "American Cup Blitz 2024"]
[Site "Saint Louis"]
[Date "2024.03.21"]
[Round "6.2"]
[White "Caruana, Fabiano"]
[Black "Aronian, Levon"]
[Result "1-0"]
[ECO "A21"]
[WhiteElo "2804"]
[BlackElo "2722"]
[Annotator "RC"]
[PlyCount "149"]
[EventDate "2024.03.21"]
[EventType "swiss"]
[EventCountry "USA"]
[SourceTitle "playchess.com"]
[Source "ChessBase"]
[SourceQuality "1"]
[TimeControl "180+2"]

1. c4 e5 2. Nc3 Bb4 3. Nd5 Be7 4. Nf3 c6 5. Nc3 d6 6. d4 Nd7 7. e4 Ngf6 8. Be2 O-O 9. O-O a6 10. d5 cxd5 11. cxd5 b5 12. a3 Nb6 13. h3 Bd7 14. Be3 Qb8 15. Nd2 Rc8 16. Rc1 Bd8 17. Bd3 Nc4 18. Bxc4 bxc4 19. Rc2 Ba5 20. Qe2 Bxc3 21. bxc3 Ba4 22. Ra2 Bb3 23. Raa1 Qc7 24. Rfc1 Rab8 25. a4 a5 26. f4 exf4 27. Bxf4 Re8 28. Qf3 Rb7 29. Kh2 Nd7 30. Qg3 Ne5 31. Nf3 Nd3 32. Bxd6 Qb6 33. Nd4 Nxc1 34. Rxc1 Rxe4 35. Rf1 Qd8 36. Be5 f6 37. Bxf6 Qxd5 38. Nf5 Re6 39. Nh6+ Kf8 40. Bxg7+ Ke8 41. Rf8+ Kd7 42. Ng4 Qd6 43. Ne5+ Rxe5 44. Qxe5 Qxe5+ 45. Bxe5 Bxa4 46. Ra8 Rb5 47. Bd4 h5 48. Kg3 Bd1 49. Kf4 a4 50. g4 hxg4 51. hxg4 Bc2 52. g5 Rf5+ 53. Kg4 Rf1 54. Ra6 Ke7 55. g6 Re1 56. g7 Bh7 57. Rxa4 Kf7 58. Ra7+ Re7 59. Ra8 Re8 60. Ra6 Re6 61. Ra4 Kg6 62. Ra8 Re4+ 63. Kf3 Rxd4 64. cxd4 Kxg7 65. Rc8 Bd3 66. Kf4 Kf6 67. Rc6+ Ke7 68. Ke5 Kd7 69. d5 Bf1 70. Kd4 Be2 71. Ra6 Bf1 72. Ke5 Bd3 73. Ra7+ Kc8 74. Kd6 c3 75. Rc7+ 1-0

[Event "American Cup Blitz 2024"]
[Site "Saint Louis"]
[Date "2024.03.21"]
[Round "6.3"]
[White "Sevian, Samuel"]
[Black "Le, Quang Liem"]
[Result "1-0"]
[ECO "B32"]
[WhiteElo "2697"]
[BlackElo "2731"]
[Annotator "TA"]
[PlyCount "75"]
[EventDate "2024.03.21"]
[EventType "swiss"]
[EventCountry "USA"]
[SourceTitle "playchess.com"]
[Source "ChessBase"]
[SourceQuality "1"]
[TimeControl "180+2"]

1. e4 c5 2. Nf3 Nc6 3. d4 cxd4 4. Nxd4 e5 5. Nb5 d6 6. N1c3 a6 7. Na3 Be6 8. Nc4 Rb8 {[%emt 0:00:01] B32: Sicilian: Löwenthal and Kalashnikov Variations.} 9. Nd5 (9. Ne3 Nf6 10. Bd3 g6 11. O-O Bh6 12. a4 O-O 13. Kh1 Rc8 14. b3 Nb4 15. Bb2 Bxe3 16. fxe3 Ng4 17. Qd2 Nxd3 18. cxd3 Bxb3 {1-0 Sevian,S (2696)-Le,Q (2731) Saint Louis Blitz 2023 (12)}) 9... Bxd5 10. exd5 Nce7 11. g4 $5 {[%emt 0:00:01][%mdl 4] Leaves trodden paths.} Nf6 12. Ne3 $146 ({Predecessor:} 12. Bg2 b5 13. Ne3 g6 14. Qf3 Bg7 15. h4 h5 16. Bd2 hxg4 17. Nxg4 Nh5 18. O-O-O {0-1 Garrido Outon,A (2380)-Lobanov,S (2545) EU-ch 23rd Vrnjacka Banja 2023 (4)}) 12... g6 13. h4 h5 14. g5 Nd7 15. a4 Bg7 16. a5 O-O 17. Bg2 Qc7 18. Ra3 (18. Qe2 $11) 18... Rbc8 (18... f6 $17) 19. c4 (19. Bh3 $11) 19... f5 $1 $17 20. gxf6 Nxf6 21. Bh3 Rce8 (21... Nd7 $1 $11) 22. Be6+ ({White should play} 22. b4 $14) 22... Kh7 $15 23. Qc2 Bh6 24. Rg1 Nd7 ({Black should try} 24... e4 $1 $17 25. Bd2 Nd7 26. Bxd7 (26. Qxe4 $2 Ne5 $19) 26... Qxd7) 25. b4 $11 Rf4 26. Rc3 {[%emt 0:00:21] [#]} (26. c5 $1 $11 {was the only way to keep the balance.} Nf8 27. Nc4 Nxe6 28. dxe6 Rxc4 (28... d5 29. Nd6 $14) 29. Qxc4) 26... Nf8 (26... Ref8 $1 $17 27. Rf1 Rd4 (27... Rxh4 28. c5 $11)) 27. c5 (27. Bh3 $11) 27... Nxe6 $15 (27... Rxb4 $2 28. Ba3 Qxa5 29. cxd6 $18 (29. Bxb4 Qxb4 30. cxd6 Nxe6 $16) (29. Bxb4 Qxb4 30. cxd6 Nxe6 $14)) (27... Rxh4 28. Nf5 Nxf5 29. Bxf5 $18) 28. dxe6 e4 (28... Rxh4 $2 29. Nd5 Qc6 30. Nf6+ Kh8 31. cxd6 (31. Bxh6 Rh1 $18) (31. Nxe8 Re4+ 32. Kf1 d5 $18) 31... Qxd6 32. Nxe8 $18 (32. Bxh6 Rd8 $18)) (28... Rd4 $17 {White must now prevent ...Qc6.} 29. cxd6 Qxd6) 29. cxd6 (29. Qd2 $11 Bg7 (29... Rxh4 $2 {loses.} 30. cxd6 Qd8 31. Rc7 $18) 30. Rc2) 29... Qxd6 $15 30. Nc4 (30. Rc7 $17 {was called for.}) 30... Qxb4 $4 {[%emt 0:00:17][%mdl 8192] [#]} (30... Qxe6 $19 {Hoping for ...e3.} 31. Bxf4 Bxf4) 31. Ba3 $1 $18 Qb5 32. Nd6 Qxa5 33. Nxe8 Nd5 (33... Rf8 $142 34. Nd6 (34. Bxe7 Rxe8 35. Bg5 Bg7 $18) 34... Bg7) 34. Bb2 Nxc3 35. Qxc3 Qxc3+ 36. Bxc3 e3 37. Nf6+ Kg7 38. Nxh5+ 1-0